 Dungeon Crawl Stone Soup version 0.31-a0-221-gbddc013574 (webtiles) character file.

Game seed: 6300710411471162422

201 qw the Shooter (level 5, -6/45 HPs)
             Began as a Minotaur Hexslinger on July 4, 2023.
             Was an Initiate of Okawaru.
             Killed from afar by an orc wizard (9 damage)
             ... with a puff of flame
             ... on level 4 of the Dungeon.
             The game lasted 00:00:54 (2134 turns).

qw the Shooter (Minotaur Hexslinger)                Turns: 2134, Time: 00:00:55

Health: -6/45      AC:  5    Str: 12    XL:     5   Next: 50%
Magic:  5/5        EV: 11    Int: 10    God:    Okawaru [......]
Gold:   150        SH:  0    Dex: 15    Spells: 5/6 levels left

rFire   . . .        Y - +2 sling
rCold   . . .        (no shield)
rNeg    + . .        d - +0 ring mail
rPois   .            (helmet restricted)
rElec   .            (no cloak)
rCorr   .            (no gloves)
SInv    .            (no boots)
Will    .....        a - amulet of the acrobat Stlth
                     b - ring of positive energy
HPRegen 0.27/turn    (no ring)
MPRegen 0.09/turn

%: acrobat
@: confused
A: horns 2, retaliatory headbutt
a: Renounce Religion


You were on level 4 of the Dungeon.
You worshipped Okawaru.
Okawaru was noncommittal.
You visited 1 branch of the dungeon, and saw 4 of its levels.

You collected 150 gold pieces.


Innate Abilities, Weirdness & Mutations

You have a pair of horns on your head.
You reflexively headbutt those who attack you in melee.


   Skills:
 - Level 3.0 Fighting
 + Level 5.3 Ranged Weapons
 - Level 2.2 Armour
 - Level 2.1 Dodging
 - Level 1.0 Spellcasting
 - Level 2.0 Hexes


You had 5 spell levels left.
You knew the following spells:

 Your Spells              Type           Power      Damage    Failure   Level
a - Slow                  Hex            16%        N/A       32%         1

Your spell library contained the following spells:

 Spells                   Type           Power      Damage    Failure   Level
 Inner Flame              Hex/Fire       2%         N/A       83%         3
 Portal Projectile        Hex/Tloc       4%         N/A       83%         3
 Cause Fear               Hex            2%         N/A       97%         4

Inventory:

Hand Weapons
 Y - a +2 sling (weapon)
Armour
 d - a +0 ring mail (worn)
Jewellery
 a - an amulet of the acrobat (around neck)
 b - a ring of positive energy (left hand)
Scrolls
 m - a scroll of identify
Potions
 c - a potion of heal wounds
 e - a potion of enlightenment
 f - a potion of berserk rage {unknown}
 g - a potion of magic {unknown}
 h - a potion of brilliance {unknown}
 i - a potion of curing {unknown}
 j - a potion of cancellation
 k - a potion of ambrosia {unknown}

Dungeon Overview and Level Annotations

Branches:
Dungeon (4/15)
 Temple: D:4-7

Altars:
Ashenzari
Fedhas
Makhleb
Okawaru

Shops:
D:2 *(

Annotations:
D:2 1 runed translucent door, Crazy Yiuf


Message History

You shoot a sling bullet.
The sling bullet hits the orc but does no damage.
The orc is lightly wounded.
The orc hits you with a +0 mace. Something hits you.
You shoot a sling bullet. The sling bullet hits the orc.
The orc is moderately wounded.
You hear some strange, mumbled words.
A magic dart appears from out of thin air!
The magic dart hits you. The orc closely misses you. You furiously retaliate!
You headbutt the orc. You shoot a sling bullet. The sling bullet hits the orc.
The orc is severely wounded.
The orc closely misses you. Something hits you but does no damage.
You shoot a sling bullet.
The sling bullet completely misses the orc.
The orc closely misses you. Something hits you but does no damage.
You shoot a sling bullet.
The sling bullet hits the orc but does no damage.
The orc is heavily wounded.
The orc barely misses you. Something hits you.
The orc hits you but does no damage. Something hits you.
You shoot a sling bullet. The sling bullet hits the orc.
You kill the orc!
Okawaru accepts your kill.
You hear some strange, mumbled words.
A puff of flame appears from out of thin air!
The puff of flame hits you!
Your Fighting skill increases to level 3!
You shoot a sling bullet.
You hear some strange, mumbled words.
You are confused.
You shoot a sling bullet.
You hear some strange, mumbled words.
A magic dart appears from out of thin air!
The magic dart hits you. Something hits you but does no damage.
You shoot a sling bullet.
You hear some strange, mumbled words.
A puff of flame appears from out of thin air!
The puff of flame hits you!
You die...

##..### ..... .....
#...... ... #......
... #...... #)#
####......
#)#######.........
#@{.....#....<....
#.......#......%..
#.......+.......<.
#..###..#.........
###..###..#....#'###
#.........'....#....
#.........#....#....
#.........#....+....
#.........#....#....


There were no monsters in sight!

Vanquished Creatures
  A scorpion (D:3)
  An orc priest (D:4)
  Jessica (D:1)
  2 adders
  2 worms (D:2)
  A dart slug (D:2)
  5 orcs
  8 endoplasms
  A giant cockroach (D:1)
  2 goblins
  2 hobgoblins (D:1)
  5 jackals (D:2)
  4 quokkas
  6 ball pythons
  4 bats
  3 frilled lizards (D:1)
  6 kobolds
  6 rats
60 creatures vanquished.

Notes
Turn   | Place    | Note
-------+----------+-------------------------------------------
     0 | D:1      | qw the Minotaur Hexslinger began the quest for the Orb.
     0 | D:1      | Reached XP level 1. HP: 16/16 MP: 1/1
     0 | D:1      | 0 ||| qw: Version: 0.3-a-40-ge99b1a8
     0 | D:1      | 0 ||| qw: Game counter: 632
     0 | D:1      | 0 ||| qw: Melee chars always use a shield: true
     0 | D:1      | 0 ||| qw: God list: Okawaru
     0 | D:1      | 0 ||| qw: Allow faded altars: false
     0 | D:1      | 0 ||| qw: Do Orc after clearing Dungeon:15 true
     0 | D:1      | 0 ||| qw: Do second Lair branch before Depths: true
     0 | D:1      | 0 ||| qw: Lair rune preference: random
     0 | D:1      | 0 ||| qw: Goals: Normal
     0 | D:1      | 0 ||| PLANNING D:1-11
    95 | D:1      | 95 ||| UPGRADING to +0 ring mail.
   109 | D:1      | Reached skill level 3 in Ranged Weapons
   110 | D:1      | Reached XP level 2. HP: 18/23 MP: 2/2
   128 | D:1      | 128 ||| DROPPING +0 robe.
   351 | D:1      | 351 ||| READING scroll labelled LUCVOAL LYMATT.
   352 | D:1      | 352 ||| READING scroll labelled TUROUL LUKLU.
   647 | D:1      | 647 ||| UPGRADING to amulet of the acrobat.
   652 | D:1      | 652 ||| READING scroll labelled YXIHOD SUME.
   656 | D:1      | 656 ||| READING scroll labelled BOB DIHUSU.
   657 | D:1      | 657 ||| DROPPING scroll of poison.
   688 | D:2      | Found Wegiruh's General Store.
   704 | D:2      | Reached XP level 3. HP: 23/29 MP: 3/3
   804 | D:2      | Found Bapryxu's Weapon Shoppe.
   852 | D:2      | Reached skill level 4 in Ranged Weapons
   897 | D:2      | Noticed Jessica
   899 | D:2      | 899 ||| Stepping ~*~*~tactically~*~*~ (outnumbered).
   902 | D:2      | 902 ||| STAIRDANCE
   904 | D:1      | Killed Jessica
   905 | D:1      | Reached XP level 4. HP: 32/36 MP: 4/4
   921 | D:1      | 921 ||| UPGRADING to ring of positive energy.
  1143 | D:2      | Identified the +0 chain mail of Muurr {SInv}
  1274 | D:2      | Found a runed translucent door.
  1275 | D:2      | Noticed Crazy Yiuf
  1552 | D:3      | Found an iron altar of Okawaru.
  1553 | D:3      | 1553 ||| PLANNING OKAWARU WORSHIP
  1553 | D:3      | 1553 ||| READING scroll labelled RUCUNG GORCH.
  1554 | D:3      | 1554 ||| DRINKING 2 sapphire potions.
  1555 | D:3      | 1555 ||| READING 2 scrolls of identify.
  1555 | D:3      | 1555 ||| IDENTIFYING silvery potion
  1563 | D:3      | Became a worshipper of Warmaster Okawaru
  1564 | D:3      | 1564 ||| PLANNING D:1-11
  1740 | D:3      | Found a broken altar of Ashenzari.
  1770 | D:3      | Found a burning altar of Makhleb.
  1878 | D:3      | Found a blossoming altar of Fedhas.
  1958 | D:3      | 1958 ||| READING scroll labelled VEPNEE HAYD.
  1959 | D:3      | 1959 ||| READING scroll labelled ABUECW LUSHORCH.
  1960 | D:3      | 1960 ||| DRINKING 2 fuming inky potions.
  1992 | D:4      | Noticed a scorpion
  1998 | D:4      | 1998 ||| STAIRDANCE
  2007 | D:3      | HP: 9/36 [scorpion (1)]
  2008 | D:3      | 2008 ||| DRINKING potion of heal wounds.
  2009 | D:3      | Killed a scorpion
  2010 | D:3      | Reached skill level 5 in Ranged Weapons
  2010 | D:3      | Reached XP level 5. HP: 25/41 MP: 5/5
  2131 | D:4      | HP: 8/44 [something/puff of flame (11)]
  2132 | D:4      | Reached skill level 3 in Fighting
  2133 | D:4      | HP: 3/45 [something/magic dart (6)]
  2134 | D:4      | Killed from afar by an orc wizard

Levels and vault maps discovered:
D:1:      amcnicky_arrival_blooded_trapdoor, layout_loops_ring, serial_glass,
          glass_columns_b, glass_columns_c
D:2:      layout_rooms, serial_shops, shop, shop, uniq_crazy_yiuf_cottage,
          uniq_jessica
D:3:      layout_loops_ring, mainiacjoe_overflow_catwalk, fedhas_altar_1,
          nicolae_ashenzari_skybound, mainiacjoe_overflow_boulevard
D:4:      layout_gridville, fiery_altar_vehumet, mainiacjoe_overflow_alcove_4

Skill      XL: |  1  2  3  4  5 |
---------------+----------------+-----
Ranged Weapons | 3 4 5 |  5.3
Fighting       | 2 3 |  3.0
Armour         | 2 |  2.2
Dodging        | |  2.1
Spellcasting   | |  1.0
Hexes          | |  2.0

Action                     |  1- 3 |  4- 6 || total
---------------------------+-------+-------++-------
   Fire: Sling             |   100 |   105 ||   205
    Use: Scroll            |     4 |     4 ||     8
         Potion            |       |     3 ||     3
 Armour: Ring mail         |    19 |    22 ||    41
  Dodge: Dodged            |    31 |    32 ||    63

Table legend:
 A = Non-vault XP
 B = Vault XP
 C = Vault XP percentage of total XP
 D = Non-vault monster count
 E = Vault monster count
 F = Vault count percentage of total count
                 A         B        C        D         E       F
            +---------+---------+-------+---------+---------+-------
      Total |     251 |      37 |  12.8 |      59 |       1 |   1.7
            +---------+---------+-------+---------+---------+-------
        D:1 |      27 |      37 |  57.8 |      17 |       1 |   5.6
        D:2 |      58 |       0 |   0.0 |      21 |       0 |   0.0
        D:3 |     112 |       0 |   0.0 |      15 |       0 |   0.0
        D:4 |      54 |       0 |   0.0 |       6 |       0 |   0.0
            +---------+---------+-------+---------+---------+-------
